 Dungeon Crawl Stone Soup version 0.26.1-11-gd32895ea62 (webtiles) character file.

Game seed: 3523913101039041849

304 Almogavar the Shield-Bearer (level 6, -4/38 HPs)
             Began as a Gargoyle Fighter on June 24, 2021.
             Killed by divine providence
             ... invoked by an orc priest
              (14 damage)
             ... on level 4 of the Dungeon.
             The game lasted 00:08:01 (3266 turns).

Almogavar the Shield-Bearer (Gargoyle Fighter)      Turns: 3266, Time: 00:08:02

Health: -4/38      AC: 12    Str: 22    XL:     6   Next: 38%
Magic:  6/6        EV: 10    Int:  8    God:
Gold:   188        SH:  6    Dex:  9    Spells: 5/5 levels left

rFire    . . .     SeeInvis .   a - +0 flail
rCold    . . .     Faith    .   t - +2 buckler
rNeg     + . .     Spirit   .   b - +0 scale mail
rPois    ∞         Reflect  .   r - +0 helmet
rElec    +         Harm     .   (no cloak)
rCorr    .         Rampage  .   (no gloves)
Will     .....                  (no boots)
Stlth    +.........             (no amulet)
HPRegen  0.12/turn              v - ring of stealth
MPRegen  0.10/turn              (no ring)

@: no status effects
A: negative energy resistance 1, electricity resistance, unbreathing,
petrification resistance, miasma immunity, AC +4
a: no special abilities


You were on level 4 of the Dungeon.
You visited 1 branch of the dungeon, and saw 4 of its levels.

You collected 188 gold pieces.

Inventory:

Hand Weapons
 a - a +0 flail (weapon)
Missiles
 m - 23 bolts
 s - 95 stones (quivered)
Armour
 b - a +0 scale mail (worn)
 c - a +0 kite shield
 l - a +0 chain mail
 q - a +0 chain mail of fire resistance
 r - a +0 helmet (worn)
 t - a +2 buckler (worn)
 u - a +1 chain mail of cold resistance
Jewellery
 v - a ring of stealth (left hand)
Scrolls
 f - 2 scrolls of remove curse
 g - a scroll of amnesia
 h - a scroll of teleportation
 k - 3 scrolls of enchant armour
 n - 2 scrolls of magic mapping
 o - 2 scrolls of random uselessness {unknown}
 p - 2 scrolls of immolation {unknown}
Potions
 d - 3 potions of might
 e - 4 potions of magic
 i - 5 potions of curing
 j - 2 potions of heal wounds


   Skills:
 + Level 3.9 Fighting
 + Level 4.3 Maces & Flails
 + Level 4.1 Armour
 + Level 1.5 Dodging
 + Level 0.4 Stealth
 - Level 4.6 Shields


You had 5 spell levels left.
You didn't know any spells.
Your spell library contained the following spells:

 Spells                   Type           Power        Failure   Level
 Magic Dart               Conj           0%           73%         1
 Searing Ray              Conj           0%           86%         2
 Dazzling Flash           Conj/Hex       0%           97%         3
 Fulminant Prism          Conj/Hex       0%           100%        4
 Iskenderun's Mystic Bla  Conj/Tloc      0%           100%        4


Dungeon Overview and Level Annotations

Branches:
Dungeon (4/15)
 Temple: D:4-7

Altars:
Zin


Innate Abilities, Weirdness & Mutations

You are resistant to torment.
Your stone body is resilient. (AC +4)
You are immune to poison.
You resist negative energy. (rN+)
You are resistant to electric shocks. (rElec)
You can survive without breathing.
You are immune to petrification.
You are immune to miasma.


Message History

Beogh smites you!
A worm comes into view.
An orc wizard comes into view. It is wielding a +0 dagger.
The orc wizard shouts!
The orc wizard points at itself and mumbles some strange words.
The orc wizard flickers and vanishes!
Deactivating autopickup; reactivate with Ctrl-A.
The orc priest looks braver for a moment.
You barely miss the orc priest. You block the orc priest's attack.
You hit the orc priest.
The orc priest is moderately wounded.
The orc priest hits you with a +0 flail.
The orc priest invokes the aid of Beogh against you.
Beogh smites you!
* * * LOW HITPOINT WARNING * * *
You sock the orc priest!
You kill the orc priest!
The orc priest calls down the wrath of Beogh upon you.
Beogh smites you!
You die...

## ..## ..# #.#
#.##.#######. # #####..
#.o..w)@..##.)####....#.
####.####.##.....#.##.#.
#....................
######.##...#.#.##.##
#...## #.#.#.#..## #.###
#.#.#.#)### #.#
#.#<#.#....
#.######..[..#####
#.#........[......


You could see a worm and an orc priest.

Vanquished Creatures
  An orc priest (D:4)
  Terence (D:3)
  A worker ant (D:4)
  Natasha (thrice) (D:2)
  Robin (D:3)
  5 adders (D:3)
  An adder zombie (D:2)
  2 adder skeletons (D:2)
  2 worms
  4 dart slugs
  3 leopard geckos
  7 orcs
  2 ball pythons
  11 bats
  A bat zombie (D:2)
  3 giant cockroaches
  13 goblins
  9 hobgoblins
  4 quokkas
  2 frilled lizards
  A giant cockroach zombie (D:2)
  7 kobolds
  2 quokka skeletons (D:2)
  11 rats
97 creatures vanquished.

Notes
Turn   | Place    | Note
-------+----------+-------------------------------------------
     0 | D:1      | Almogavar the Gargoyle Fighter began the quest for the Orb.
     0 | D:1      | Reached XP level 1. HP: 14/14 MP: 1/1
   199 | D:1      | Reached XP level 2. HP: 19/19 MP: 2/2
   933 | D:2      | Reached XP level 3. HP: 23/23 MP: 3/3
  1287 | D:2      | Reached skill level 1 in Dodging
  1297 | D:2      | Reached XP level 4. HP: 22/29 MP: 4/4
  1753 | D:2      | Noticed Natasha
  1761 | D:2      | Killed Natasha
  1784 | D:2      | Noticed Natasha
  1794 | D:2      | Killed Natasha
  1805 | D:2      | Noticed Natasha
  1811 | D:2      | Killed Natasha
  1812 | D:2      | Reached XP level 5. HP: 26/33 MP: 5/5
  2239 | D:3      | Noticed Robin
  2287 | D:3      | Killed Robin
  2414 | D:3      | Reached XP level 6. HP: 38/38 MP: 6/6
  2673 | D:3      | Noticed Terence
  2689 | D:3      | Killed Terence
  2694 | D:3      | Found a glowing silver altar of Zin.
  3266 | D:4      | Killed from afar by an orc priest

Illustrated notes

Levels and vault maps discovered:
D:1:      mushboom_english_gardens, layout_loops_ring, lemuel_flame_loot_1
D:2:      layout_basic, serial_undead, serial_undead_a, serial_undead_a,
          serial_undead_d, serial_undead_d, minmay_diced_spiral, uniq_natasha
D:3:      layout_basic, lemuel_coloured_pillars_altar,
          minmay_fractal_squares_diagonal_5, uniq_terence, uniq_robin
D:4:      layout_basic

Skill      XL: |  1  2  3  4  5  6 |
---------------+-------------------+-----
Dodging        | 1 |  1.5
Shields        | 4 |  4.6
Maces & Flails | 3 4 |  4.3
Armour         | 4 |  4.1
Fighting       | |  3.9
Stealth        | |  0.4

Action                   |  1- 3 |  4- 6 || total
-------------------------+-------+-------++-------
Melee: Flail             |   151 |   223 ||   374
  Use: Scroll            |     4 |     5 ||     9
       Potion            |       |     1 ||     1
Armor: Scale mail        |    84 |   146 ||   230
Dodge: Dodged            |    34 |    91 ||   125
Block: Kite shield       |    75 |   128 ||   203
       Buckler           |       |    16 ||    16
